 Dungeon Crawl Stone Soup version 0.24.0-123-gd5b16e6ec5 (webtiles) character file.

Game seed: 4675838713115695813, levelgen mode: deterministic

1920 ReteAZ the Poker (level 8, 0/64 HPs)
             Began as a Demonspawn Fighter on Dec 29, 2019.
             Succumbed to a killer bee's poison
             ... on level 6 of the Dungeon.
             The game lasted 00:09:43 (4421 turns).

ReteAZ the Poker (Demonspawn Fighter)               Turns: 4421, Time: 00:09:44

Health: 0/64       AC: 13    Str: 16 (19) XL:     8   Next: 96%
Magic:  8/8        EV:  7    Int:  7 (10) God:
Gold:   182        SH:  9    Dex: 10 (12) Spells: 7/7 levels left

rFire    . . .     SeeInvis .   a - +1 trident
rCold    . . .     Gourm    .   c - +0 shield
rNeg     + . .     Faith    .   i - +0 pearl dragon scales
rPois    .         Spirit   .   s - +1 hat
rElec    .         Reflect  .   (no cloak)
rCorr    .         Harm     .   (no gloves)
MR       +....                  (no boots)
Stlth    ..........             (no amulet)
HPRegen  0.20/turn              p - ring of protection from magic
MPRegen  0.11/turn              (no ring)

@: lethally poisoned (0 -> -12)
A: antennae 1, nightstalker 1, rot immunity
a: no special abilities


You were on level 6 of the Dungeon.
You were hungry.

You visited 1 branch of the dungeon, and saw 6 of its levels.
You also visited: Ossuary.

You collected 182 gold pieces.

Inventory:

Hand Weapons
 a - a +1 trident (weapon)
Armour
 b - a +0 scale mail
 c - a +0 shield (worn)
 d - a +3 leather armour of poison resistance
 i - +0 pearl dragon scales (worn)
 s - a +1 hat (worn)
Jewellery
 p - a ring of protection from magic (left hand)
Scrolls
 g - a scroll of enchant armour {unknown}
 j - 2 scrolls of magic mapping {unknown}
 k - 2 scrolls of amnesia
 l - 2 scrolls of teleportation {unknown}
 n - 7 scrolls of identify
 q - a scroll of blinking {unknown}
 r - a scroll of enchant weapon
Potions
 h - a potion of degeneration
 t - a potion of resistance
Comestibles
 f - 6 rations
 m - 2 chunks of flesh


   Skills:
 + Level 6.0 Fighting
 * Level 7.0 Polearms
 + Level 5.4 Armour
 + Level 5.4 Shields


You had 7 spell levels left.
You didn't know any spells.
Your spell library was empty.

Dungeon Overview and Level Annotations

Branches:
Dungeon (6/15)            Ossuary (visited)
 Temple: D:4-7

Altars:
Dithmenos
Ru
Uskayaw
Xom

Annotations:
D:5 Eustachio, Pikel, Prince Ribbit


Innate Abilities, Weirdness & Mutations

You have a pair of small antennae on your head.
You are slightly more attuned to the shadows.
You are immune to rotting.


Message History

You are more poisoned.
The killer bee poisons you! The killer bee barely misses you.
You miss the killer bee.
* * * LOW HITPOINT WARNING * * *
You feel sick. You block the killer bee's attack.
The killer bee stings you but does no damage.
You hit the killer bee.
The killer bee is moderately wounded.
* * * LOW HITPOINT WARNING * * *
You feel sick.
The killer bee stings you but does no damage.
You block the killer bee's attack.
Your pearl dragon scales prevents you from hitting the killer bee.
The killer bee is moderately wounded.
* * * LOW HITPOINT WARNING * * *
You feel sick. You block the killer bee's attack.
The killer bee stings you but does no damage.
You hit the killer bee.
The killer bee is severely wounded.
You die...

#.# ≈y≈≈≈≈≈P≈≈≈♣# #.#
≈≈≈≈≈≈≈≈P≈≈≈♣ #.#
≈PP≈≈≈≈≈≈PP≈ #.#
.≈♣≈P≈≈≈≈≈≈ #.# ..≈..≈.PP♣♣
#.# ..........# #.#
.≈....).sy##############.##
P≈≈..P.÷Tyyy@.............#
≈≈≈≈≈≈≈;###################
≈♣♣≈≈≈P## ♣♣♣♣.. ... ....
....


You could see a troll, a scorpion, 4 killer bees and an electric eel.

Vanquished Creatures
  Sigmund (D:2)
  Duvessa (D:4)
  2 ice beasts (D:5)
  A slave (D:5)
  An ogre (D:5)
  A centaur (D:5)
  Blork the orc (D:4)
  Dowan (D:4)
  2 scorpions (D:4)
  A killer bee (D:6)
  2 bullfrog zombies
  3 human zombies (Ossuary)
  9 centaur zombies (Ossuary)
  2 hounds
  An orc priest (D:5)
  2 orc wizards (D:5)
  A centaur skeleton (D:4)
  Jessica (D:2)
  An iguana (D:4)
  5 worker ants
  A hound skeleton (D:3)
  3 mummies (Ossuary)
  A gnoll (D:2)
  8 adders
  3 oozes
  An adder skeleton (D:4)
  3 worms
  2 dart slugs (D:1)
  2 leopard geckos
  9 orcs
  2 ball pythons (D:1)
  7 bats
  6 giant cockroaches
  6 goblins
  7 hobgoblins
  10 jackals
  3 quokkas
  A ball python skeleton (D:2)
  7 frilled lizards
  7 kobolds
  6 rats
134 creatures vanquished.

Notes
Turn   | Place    | Note
-------+----------+-------------------------------------------
     0 | D:1      | ReteAZ the Demonspawn Fighter began the quest for the Orb.
     0 | D:1      | Reached XP level 1. HP: 18/18 MP: 1/1
    52 | D:1      | Reached skill level 2 in Polearms
    59 | D:1      | Gained mutation: You have a pair of small antennae on your
                  | head. [demonic ancestry]
    59 | D:1      | Reached XP level 2. HP: 12/24 MP: 2/2
   374 | D:1      | Reached XP level 3. HP: 29/29 MP: 3/3
   572 | D:2      | Noticed Jessica
   576 | D:2      | Killed Jessica
   631 | D:2      | Noticed Sigmund
   841 | D:2      | Reached XP level 4. HP: 35/35 MP: 4/4
   904 | D:2      | Killed Sigmund
   904 | D:2      | Reached skill level 3 in Polearms
   904 | D:2      | Reached XP level 5. HP: 28/42 MP: 5/5
  1209 | D:2      | Found a shimmering altar of Xom.
  1351 | D:2      | Reached XP level 6. HP: 30/48 MP: 6/6
  1416 | D:2      | Reached skill level 4 in Polearms
  2090 | D:3      | Found a hide-covered altar of Uskayaw.
  2098 | D:3      | Noticed a +0 hand axe
  2098 | D:3      | Noticed a +0 dagger
  2634 | D:4      | Noticed Blork the orc
  2661 | D:4      | Killed Blork the orc
  2682 | D:4      | Gained mutation: You are immune to rotting. [demonic
                  | ancestry]
  2682 | D:4      | Reached XP level 7. HP: 21/55 MP: 7/7
  2809 | D:4      | Noticed Duvessa
  2809 | D:4      | Noticed Dowan
  2817 | D:4      | Killed Duvessa
  2824 | D:4      | Killed Dowan
  2824 | D:4      | Reached skill level 5 in Polearms
  3022 | D:4      | Found a shadowy altar of Dithmenos.
  3091 | D:4      | Found a sand-covered staircase.
  3098 | Ossuary  | Entered an ossuary
  3128 | Ossuary  | Reached skill level 5 in Fighting
  3223 | Ossuary  | Gained mutation: You are slightly more attuned to the
                  | shadows. [demonic ancestry]
  3223 | Ossuary  | Reached XP level 8. HP: 42/62 MP: 8/8
  3308 | Ossuary  | Reached skill level 6 in Polearms
  3464 | D:4      | Found a sacrificial altar of Ru.
  3499 | D:5      | Entered Level 5 of the Dungeon
  3516 | D:5      | Reached skill level 5 in Shields
  3542 | D:5      | Reached skill level 5 in Armour
  3777 | D:5      | Noticed Eustachio
  4082 | D:5      | Noticed Pikel
  4088 | D:5      | Noticed Prince Ribbit
  4385 | D:6      | Noticed a troll
  4401 | D:6      | Reached skill level 7 in Polearms
  4418 | D:6      | HP: 3/64 [poisoned by a killer bee]
  4419 | D:6      | HP: 1/64 [poisoned by a killer bee]
  4421 | D:6      | Succumbed to a killer bee's poison

Levels and vault maps discovered:
D:1:      dpeg_arrival_round_b, layout_basic
D:2:      layout_loops_corners, overflow_temple_1_default, serial_undead,
          serial_undead_e, serial_undead_c, serial_undead_d, serial_undead_e,
          cheibrodos_gnoll_hut, uniq_sigmund, uniq_jessica
D:3:      layout_rooms, dancing_weapons_uskayaw, chequers_serial_rivers_large_a
D:4:      layout_gridville, marbit_many_paths, kennysheep_little_box,
          chequers_ossuary_entry_cave, first_ration, uniq_duvessa,
          uniq_blork_the_orc
D:5:      layout_cave_pools, minitemple, nrook_uturn, uniq_grinder, uniq_pikel,
          uniq_prince_ribbit1, uniq_eustachio
D:6:      layout_basic, overflow_temple_1_default, nemelex_altar_shiori,
          temple_fountains, serial_shops, shop_coins, serial_bayou,
          serial_bayou_pond_a, serial_bayou_pond_e, serial_bayou_pond_d,
          serial_bayou_ford_a

Skill      XL: |  1  2  3  4  5  6  7  8 |
---------------+-------------------------+-----
Polearms       | 2 3 4 5 7 |  7.0
Armour         | 3 4 5 |  5.4
Shields        | 3 4 5 |  5.4
Fighting       | 4 5 6 |  6.0

Action                   |  1- 3 |  4- 6 |  7- 9 || total
-------------------------+-------+-------+-------++-------
Melee: Trident           |    73 |   301 |   422 ||   796
  Use: Potion            |       |     3 |     6 ||     9
       Scroll            |       |     6 |       ||     6
 Stab: Invisible         |       |       |     8 ||     8
  Eat: Chunk             |       |     6 |     6 ||    12
Armor: Scale mail        |    30 |    90 |     4 ||   124
       Pearl dragon scal |       |       |   187 ||   187
Dodge: Dodged            |    11 |    67 |   126 ||   204
Block: Shield            |    32 |   136 |   217 ||   385
